 Dungeon Crawl Stone Soup version 0.27-a0-1123-g2f9bb313c0 (webtiles) character file.

Game seed: 2518085686387259778

1858 Zeld the Vexing (level 9, -5/54 HPs)
             Began as an Octopode Conjurer on May 3, 2021.
             Was a Believer of Sif Muna.
             Slain by an orc
             ... wielding a +0 mace
              (7 damage)
             ... on level 5 of the Dungeon.
             The game lasted 00:21:58 (10141 turns).

Zeld the Vexing (Octopode Conjurer)                Turns: 10141, Time: 00:21:59

Health: -5/54      AC:  1    Str:  7    XL:     9   Next: 13%
Magic:  3/12       EV: 13    Int: 23    God:    Sif Muna [**....]
Gold:   14         SH:  0    Dex: 10    Spells: 1/13 levels left

rFire    . . .     SeeInvis .   (no weapon)
rCold    . . .     Faith    .   (no shield)
rNeg     . . .     Spirit   .   (helmet restricted)
rPois    +         Reflect  .   (no amulet)
rElec    .         Harm     .   a - ring of resist corrosion
rCorr    +         Rampage  .   f - ring of willpower
Will     +....                  p - ring of poison resistance
Stlth    +++.......             (no ring)
HPRegen  0.18/turn              (no ring)
MPRegen  0.13/turn              (no ring)
                                (no ring)
                                (no ring)

@: about to teleport, marked
A: almost no armour, amphibious, 8 rings, camouflage 1, gelatinous body 1,
(nimble swimmer 1), tentacles
a: Renounce Religion, Channel Magic


You were on level 5 of the Dungeon.
You worshipped Sif Muna.
Sif Muna was pleased with you.
You visited 2 branches of the dungeon, and saw 6 of its levels.

You collected 313 gold pieces.
You spent 299 gold pieces at shops.

Inventory:

Missiles
 v - 5 poisoned darts (quivered)
Jewellery
 a - a ring of resist corrosion (left tentacle)
 f - a ring of willpower (right tentacle)
 p - a ring of poison resistance (on tentacle)
Wands
 e - a wand of paralysis (7)
 s - a wand of flame (9)
Scrolls
 b - a scroll of amnesia {unknown}
 g - a scroll of summoning {unknown}
 h - 2 scrolls of holy word
 l - 3 scrolls of enchant armour {unknown}
 o - 2 scrolls of teleportation
 q - 2 scrolls of noise {unknown}
 t - a scroll of fear {unknown}
Potions
 c - a potion of degeneration {unknown}
 d - a potion of haste {unknown}
 i - a potion of berserk rage {unknown}
 j - a potion of attraction {unknown}
 k - 2 potions of lignification {unknown}
 m - a potion of curing
 n - 2 potions of heal wounds {unknown}
 r - a potion of flight
 u - a potion of brilliance {unknown}


   Skills:
 + Level 1.8 Fighting
 - Level 6.0 Throwing
 + Level 2.8 Dodging
 - Level 2.6 Stealth
 + Level 2.5 Spellcasting
 * Level 4.8 Conjurations
 - Level 6.0 Hexes
 - Level 6.0 Translocations


You had one spell level left.
You knew the following spells:

 Your Spells              Type           Power      Damage    Failure   Level
a - Magic Dart            Conj           100%       1d8       1%          1
b - Searing Ray           Conj           50%        3d5       2%          2
c - Fulminant Prism       Conj/Hex       13%        3d9       13%         4
d - Iskenderun's Mystic   Conj/Tloc      27%        2d7       13%         4
e - Animate Skeleton      Necr           4%         N/A       12%         1

Your spell library contained the following spells:

 Spells                   Type           Power      Damage    Failure   Level
 Corona                   Hex            33%        N/A       1%          1
 Pain                     Necr           8%         1d4       12%         1
 Slow                     Hex            30%        N/A       1%          2
 Portal Projectile        Hex/Tloc       60%        N/A       3%          3
 Dazzling Flash           Conj/Hex       54%        N/A       4%          3
 Inner Flame              Hex/Fire       16%        N/A       11%         3
 Cause Fear               Hex            15%        N/A       11%         4
 Leda's Liquefaction      Hex/Erth       8%         N/A       34%         4
 Vampiric Draining        Necr           1%         2d6       36%         3
 Animate Dead             Necr           1%         N/A       77%         4
 Agony                    Necr           2%         N/A       98%         5


Dungeon Overview and Level Annotations

Branches:
Dungeon (5/15)             Temple (1/1) D:4

Altars:
Ashenzari
Cheibriados
Dithmenos
Elyvilon
Fedhas
Gozag
Kikubaaqudgha
Makhleb
Okawaru
Qazlal
Sif Muna
Uskayaw
Wu Jian
Yredelemnul
Zin

Shops:
D:3 ![?[(


Innate Abilities, Weirdness & Mutations

You cannot wear most types of armour.
You are amphibious.
You can wear up to eight rings at the same time.
Your skin changes colour to match your surroundings (Stealth+).
Your rubbery body absorbs attacks. (AC +1, EV +1)
((You are camouflaged near water. (Stealth+)))
You have tentacles for arms and can constrict up to eight enemies at once.


Message History

Sif Muna accepts your kill.
You finish channeling your searing ray.
The gnoll completely misses you.
The orc pulls the alarm!
The alarm trap emits a blaring wail!
A sentinel's mark forms upon you.
You hear a bark!
The gnoll hits you with a +0 flail!
Casting: Searing Ray (safe; 2% risk of failure)
Confirm with . or Enter, or press ? or * to list all spells.
You don't have enough magic to cast this spell.
The gnoll hits you with a +0 flail!
Unknown command.
The gnoll misses you. The orc closely misses you. The gnoll misses you.
The orc hits you with a +0 mace! The gnoll closely misses you.
The orc closely misses you. The gnoll closely misses you.
The orc hits you with a +0 mace. The gnoll closely misses you.
The jackal bites you but does no damage.
The jackal closely misses you.
You tentacle-slap the jackal but do no damage.
Your grab misses the jackal. The jackal barely misses you.
The gnoll barely misses you. The jackal completely misses you.
The gnoll barely misses you. The orc closely misses you.
You barely miss the gnoll. You grab the gnoll. You constrict the gnoll.
The jackal bites you. The gnoll hits you with a +0 flail.
The jackal closely misses you. The gnoll hits you with a +0 flail.
The orc hits you with a +0 mace.
* * * LOW HITPOINT WARNING * * *
As you read the scroll of teleportation, it crumbles to dust.
You feel strangely unstable.
You constrict the gnoll.
A gnoll comes into view. It is wielding a +0 halberd of flaming.
The jackal barely misses you. The gnoll barely misses you.
The gnoll hits you with a +0 flail!
* * * LOW HITPOINT WARNING * * *
The orc closely misses you.
You release your grip on the gnoll.
The jackal closely misses you. The gnoll closely misses you.
The jackal barely misses you. The orc hits you with a +0 mace!
You die...

≈#...#.......)).)))..............
≈#...#############)'''###########
≈###'#....' #.)..# ≈≈.#......
#.)..# ≈≈.###.... #..).#
≈≈.#.##''#########....#
≈≈.#........g....#....#..
≈≈.#.........#8ogh....'...
≈≈.#.##')##..#8)@g....'... ≈≈.#
#..).#......#8..8#....
≈≈.#......#################
≈###'#....'
≈#...############################
≈#..g#......†....................
≈#####≈†≈≈≈†≈≈≈≈≈≈≈≈≈≈≈≈≈≈≈≈≈≈≈≈≈
≈≈≈≈≈≈≈≈≈≈≈≈≈≈≈≈≈≈≈≈≈≈≈≈≈≈≈≈≈≈≈≈≈
≈≈≈≈≈≈≈≈≈≈≈≈≈≈≈≈≈≈≈≈†≈≈≈≈≈≈≈≈≈≈≈≈


You could see 3 gnolls, an orc and a jackal.

Vanquished Creatures
  A water moccasin (D:5)
  An ice beast (D:5)
  A necrophage (D:5)
  2 ogres (D:5)
  2 phantoms (D:5)
  2 gnoll sergeants (D:5)
  A wyvern zombie (D:5)
  2 scorpions (D:5)
  A howler monkey (D:5)
  2 jellies
  2 orc priests
  A bullfrog skeleton (D:4)
  4 hounds
  A centaur skeleton (D:4)
  3 iguanas
  3 orc wizards
  A scorpion zombie (D:5)
  A hound skeleton (D:4)
  25 gnolls
  6 adders
  A worm (D:3)
  A dart slug (D:5)
  24 orcs
  2 endoplasms
  7 giant cockroaches
  8 goblins
  7 hobgoblins
  22 jackals
  4 quokkas
  4 ball pythons
  4 bats
  2 frilled lizards (D:2)
  2 kobolds (D:2)
  7 rats
157 creatures vanquished.

Vanquished Creatures (others)
  4 fungi (D:3)
  4 plants
8 creatures vanquished.

Grand Total: 165 creatures vanquished

Notes
Turn   | Place    | Note
-------+----------+-------------------------------------------
     0 | D:1      | Zeld the Octopode Conjurer began the quest for the Orb.
     0 | D:1      | Reached XP level 1. HP: 11/11 MP: 3/3
   239 | D:2      | Reached XP level 2. HP: 18/18 MP: 0/5
   242 | D:2      | Learned a level 2 spell: Searing Ray
   769 | D:3      | Found Kakul's Antique Weapon Shoppe.
   772 | D:3      | Reached XP level 3. HP: 22/22 MP: 3/6
   866 | D:3      | Reached skill level 1 in Fighting
  1591 | D:3      | Reached XP level 4. HP: 28/28 MP: 2/7
  1598 | D:3      | Learned a level 4 spell: Fulminant Prism
  1896 | D:4      | Reached skill level 1 in Hexes
  1898 | D:4      | Reached XP level 5. HP: 33/33 MP: 0/8
  2618 | D:4      | Reached XP level 6. HP: 38/38 MP: 4/9
  2700 | D:4      | Found a white marble altar of Elyvilon.
  2966 | D:4      | Found a staircase to the Ecumenical Temple.
  3058 | Temple   | Entered the Ecumenical Temple
  3363 | Temple   | Became a worshipper of Sif Muna the Loreminder
  3706 | D:3      | Found Lyav Geo's Armour Shoppe.
  4609 | D:3      | Found Qupukueho's Distillery.
  4619 | D:3      | Bought a potion of curing for 33 gold pieces
  4619 | D:3      | Bought a potion of curing for 33 gold pieces
  4621 | D:3      | Found a stormy altar of Qazlal.
  4735 | D:1      | Found a faded altar of an unknown god.
  5179 | D:2      | Reached skill level 5 in Hexes
  5556 | D:2      | Reached * piety under Sif Muna
  5954 | D:3      | Found a blossoming altar of Fedhas.
  6038 | D:3      | Reached XP level 7. HP: 36/43 MP: 4/10
  6124 | D:3      | Found Pagis Fynk's Armour Shoppe.
  6214 | D:3      | Found Buelow's Magic Scroll Shoppe.
  6225 | D:3      | Bought a scroll of identify for 20 gold pieces
  6225 | D:3      | Bought a scroll of teleportation for 30 gold pieces
  6409 | D:5      | Entered Level 5 of the Dungeon
  6419 | D:5      | Reached skill level 1 in Throwing
  6813 | D:5      | Reached XP level 8. HP: 43/48 MP: 6/11
  6826 | D:5      | Reached skill level 5 in Throwing
  7834 | D:5      | Learned a level 4 spell: Iskenderun's Mystic Blast
  7934 | D:5      | Reached skill level 1 in Translocations
  8103 | D:5      | Reached ** piety under Sif Muna
  8177 | D:5      | Learned a level 1 spell: Animate Skeleton
  9303 | D:5      | Reached skill level 5 in Translocations
  9303 | D:5      | Reached XP level 9. HP: 17/54 MP: 2/12
  9423 | D:3      | Bought a scroll of holy word for 75 gold pieces
  9423 | D:3      | Bought a scroll of holy word for 75 gold pieces
  9445 | D:3      | Bought a potion of flight for 33 gold pieces
 10140 | D:5      | HP: 2/54 [gnoll/+0 flail (11)]
 10141 | D:5      | Slain by an orc

Illustrated notes

Levels and vault maps discovered:
D:1:      scummos_arrival_star, layout_rooms,
          shapermc_ecumenical_altar_starsandcircs
D:2:      layout_basic
D:3:      layout_basic, grunt_temple_overflow_forces_of_nature, serial_shops,
          shop, nicolae_shop_statue_plus, shop, shop_fountains,
          nicolae_shop_trees
D:4:      layout_basic, elyvilon_altar_5, minmay_temple_entry_fiery
D:5:      lemuel_castle_with_subvaults [lemuel_castle_interior_carwin_2],
          layout_basic, doesnt_xom_only_xom, minmay_joined_circles
Temple:   minmay_temple_forest_path

Skill      XL: |  1  2  3  4  5  6  7  8  9 |
---------------+----------------------------+-----
Fighting       | 1 |  1.8
Hexes          | 2 3 5 6 |  6.0
Throwing       | 4 6 |  6.0
Translocations | 5 6 |  6.0
Dodging        | |  2.8
Stealth        | |  2.6
Spellcasting   | |  2.5
Conjurations   | |  4.8

Action                   |  1- 3 |  4- 6 |  7- 9 || total
-------------------------+-------+-------+-------++-------
Melee: Unarmed           |    14 |     5 |    22 ||    41
       Tentacles         |     2 |     1 |     2 ||     5
       Constrict         |     2 |     2 |     6 ||    10
Throw: Dart              |       |     4 |    11 ||    15
 Cast: Magic Dart        |    16 |    34 |     3 ||    53
       Searing Ray       |     8 |    33 |    78 ||   119
Invok: Channel Magic     |       |       |     2 ||     2
  Use: Potion            |       |       |     3 ||     3
       Scroll            |       |       |     5 ||     5
Armor: Skin              |     2 |     1 |     8 ||    11
Dodge: Dodged            |    15 |    27 |   113 ||   155

Table legend: (Time is in decaauts)
 A = Elapsed time spent in this place.
 B = Non-inter-level travel time spent in this place.
 C = Inter-level travel time spent in this place.
 D = Time resting spent in this place.
 E = Time spent auto-exploring this place.
 F = Levels seen in this place.
 G = Mean time per level.
                   A        B        C        D        E       F      G
               +--------+--------+--------+--------+--------+-----+--------+
         Total |  10152 |   9357 |    795 |   1516 |   6564 |   6 | 1692.0 |
       Dungeon |   9737 |   8967 |    770 |   1516 |   6181 |   5 | 1947.4 |
        Temple |    414 |    389 |     25 |      0 |    383 |   1 |  414.0 |
               +--------+--------+--------+--------+--------+-----+--------+

Top non-repeatable levels by time:
     D:5: 2966 daAuts
     D:4: 2652 daAuts
     D:3: 2158 daAuts
     D:2: 1476 daAuts
     D:1: 484 daAuts
  Temple: 414 daAuts
